 Dungeon Crawl Stone Soup version 0.25.0-9-g26727b657a (webtiles) character file.

Game seed: 3058168076184554958

211 DunjonMajik the Chopper (level 5, -4/38 HPs)
             Began as a Demonspawn Gladiator on June 20, 2020.
             Slain by Sigmund
             ... wielding a +0 scythe
              (11 damage)
             ... on level 3 of the Dungeon.
             The game lasted 00:04:52 (2857 turns).

DunjonMajik the Chopper (Demonspawn Gladiator)      Turns: 2857, Time: 00:04:52

Health: -4/38      AC:  4    Str: 15    XL:     5   Next: 57%
Magic:  5/5        EV: 11    Int:  9    God:
Gold:   198        SH:  0    Dex: 15    Spells: 4/4 levels left

rFire    . . .     SeeInvis .   g - +2 trident (venom)
rCold    . . .     Gourm    .   (no shield)
rNeg     . . .     Faith    .   b - +0 leather armour
rPois    .         Spirit   .   c - +0 helmet
rElec    .         Reflect  .   (no cloak)
rCorr    .         Harm     .   (no gloves)
MR       .....                  (no boots)
Stlth    +.........             (no amulet)
HPRegen  0.12/turn              (no ring)
MPRegen  0.09/turn              (no ring)

@: confused, heavily drained
A: spiny 1
a: no special abilities


You were on level 3 of the Dungeon.
You were not hungry.

You visited 1 branch of the dungeon, and saw 3 of its levels.

You collected 198 gold pieces.

Inventory:

Hand Weapons
 a - a +0 war axe
 g - a +2 trident of venom (weapon)
Missiles
 d - a throwing net (quivered)
Armour
 b - a +0 leather armour (worn)
 c - a +0 helmet (worn)
 e - a +0 buckler
Jewellery
 l - a +4 ring of evasion {unknown}
 q - a cursed -4 ring of strength {unknown}
 r - a +6 ring of intelligence {unknown}
Scrolls
 i - a scroll of teleportation {unknown}
 j - 2 scrolls of identify {unknown}
 k - 2 scrolls of immolation {unknown}
 p - a scroll of remove curse {unknown}
Potions
 h - a potion of brilliance
 m - a potion of cancellation {unknown}
 n - a potion of curing
Comestibles
 f - 6 rations
 o - 2 chunks of flesh


   Skills:
 - Level 2.0(0.6) Fighting
 - Level 5.1(3.7) Axes
 - Level 1.0(1.9) Polearms
 - Level 1.7(0.4) Throwing
 - Level 2.6(1.3) Dodging
 + Level 2.1(0.7) Shields


You had 4 spell levels left.
You didn't know any spells.
Your spell library was empty.

Dungeon Overview and Level Annotations

Branches:
Dungeon (3/15)

Altars:

Annotations:
D:3 2 runed translucent doors, Sigmund; ghwc's ghost, amateur FeTm


Innate Abilities, Weirdness & Mutations

You are partially covered in sharp spines.


Message History

You are too injured to fight recklessly!
You are too injured to fight recklessly!
Attack whom?
Press: ? - help, Dir - move target cursor, f/p - Sigmund
Aim: Sigmund, wielding a +0 scythe and wearing a +0 robe (moderately wounded, very poisoned)
You reach to attack!
You puncture Sigmund!
Sigmund looks as sick as possible!
Sigmund is heavily wounded.
Sigmund casts a spell at you.
You are confused.
Sigmund hits you but does no damage.
Sigmund gestures wildly while chanting.
Sigmund flickers and vanishes!
Deactivating autopickup; reactivate with Ctrl-A.
You bump into the rock wall.
Something hits you!
* * * LOW HITPOINT WARNING * * *
The dart slug is struck by your spines. The dart slug bites you.
* * * LOW HITPOINT WARNING * * *
You bump into the rock wall.
You bump into the rock wall.
Something hits you!
You die...

#.# #.# ####.####
#.......#
#.##.##.#
###.##.##.# ###
#......##รท# #...
#.#.#####.#
###...##@#.#####.#
.......w.#.......#
.........#########
#.......##
###...### #...
####


You could see a dart slug.

Vanquished Creatures
  A jelly (D:2)
  2 orc wizards
  3 adders (D:3)
  3 oozes
  2 worms
  2 dart slugs
  3 leopard geckos
  9 orcs (D:3)
  3 ball pythons
  4 giant cockroaches
  4 hobgoblins
  5 kobolds
  2 quokkas (D:3)
  11 bats
  6 frilled lizards
  5 goblins
  4 rats
69 creatures vanquished.

Notes
Turn   | Place    | Note
-------+----------+-------------------------------------------
     0 | D:1      | DunjonMajik the Demonspawn Gladiator began the quest for
                  | the Orb.
     0 | D:1      | Reached XP level 1. HP: 16/16 MP: 1/1
   185 | D:1      | Reached skill level 3 in Axes
   229 | D:1      | Gained mutation: You are partially covered in sharp spines.
                  | [demonic ancestry]
   229 | D:1      | Reached XP level 2. HP: 14/22 MP: 2/2
  1114 | D:2      | Reached XP level 3. HP: 23/27 MP: 3/3
  1324 | D:2      | Reached skill level 4 in Axes
  1473 | D:2      | Reached XP level 4. HP: 30/33 MP: 4/4
  1961 | D:2      | Reached skill level 5 in Axes
  2158 | D:3      | Reached skill level 1 in Polearms
  2158 | D:3      | Reached XP level 5. HP: 34/38 MP: 5/5
  2441 | D:3      | Found a large runed translucent door.
  2443 | D:3      | Reached skill level 1 in Shields
  2722 | D:3      | Found a large runed translucent door.
  2736 | D:3      | Noticed ghwc's ghost (amateur FeTm)
  2847 | D:3      | Noticed Sigmund
  2857 | D:3      | Slain by Sigmund

Illustrated notes

Levels and vault maps discovered:
D:1:      lightli_iron_boxes, layout_basic
D:2:      layout_loops_cross, first_ration
D:3:      layout_loops_cross, minitemple, ebering_ghost_disaster_area,
          minmay_bisected, uniq_sigmund

Skill      XL: |  1  2  3  4  5 |
---------------+----------------+-----
Axes           | 3 4 5 |  5.1
Polearms       | 1 |  1.0
Shields        | 2 |  2.1
Fighting       | |  2.0
Throwing       | |  1.7
Dodging        | |  2.6

Action                   |  1- 3 |  4- 6 || total
-------------------------+-------+-------++-------
Melee: War axe           |    46 |    25 ||    71
       Trident           |       |    66 ||    66
Throw: Throwing net      |       |     4 ||     4
  Use: Potion            |       |     2 ||     2
 Stab: Sleeping          |     1 |     2 ||     3
  Eat: Chunk             |     2 |     4 ||     6
Armor: Leather armour    |    19 |    20 ||    39
Dodge: Dodged            |    30 |    44 ||    74
